 Dungeon Crawl Stone Soup version 0.28-a0-1395-g4f6bc678fa (webtiles) character file.

Game seed: 6969383140519503728

387 ryw the Skirmisher (level 6, -1/52 HPs)
             Began as a Demonspawn Monk on Jan 4, 2022.
             Slain by a water moccasin skeleton (3 damage)
             ... on level 4 of the Dungeon.
             The game lasted 00:07:03 (4230 turns).

ryw the Skirmisher (Demonspawn Monk)                Turns: 4230, Time: 00:07:04

Health: -1/52      AC:  3    Str: 11    XL:     6   Next: 49%
Magic:  6/6        EV: 15    Int: 13    God:
Gold:   99         SH:  0    Dex: 16    Spells: 5/5 levels left

rFire   . . .      SeeInvis .   k - +1 short sword (elec)
rCold   . . .      Faith    .   (no shield)
rNeg    . . .      Spirit   .   a - +0 robe
rPois   .          Reflect  .   m - +0 helmet
rElec   .          Harm     .   (no cloak)
rCorr   .          Rampage  .   (no gloves)
Will    .....                   (no boots)
Stlth   ++........              (no amulet)
HPRegen 0.17/turn               (no ring)
MPRegen 0.10/turn               (no ring)

@: no status effects
A: repulsion field 1, demonic touch 2
a: no special abilities


You were on level 4 of the Dungeon.
You visited 1 branch of the dungeon, and saw 4 of its levels.

You collected 99 gold pieces.

Inventory:

Hand Weapons
 k - a +1 short sword of electrocution (weapon)
Missiles
 p - 5 atropa-tipped darts (quivered)
Armour
 a - a +0 robe (worn)
 m - a +0 helmet (worn)
Jewellery
 o - a +6 ring of intelligence
Wands
 h - a wand of digging (6)
Scrolls
 b - a scroll of blinking {unknown}
 c - a scroll of enchant armour {unknown}
 d - a scroll of vulnerability {unknown}
 e - 3 scrolls of fog {unknown}
 f - a scroll of immolation {unknown}
 i - a scroll of magic mapping {unknown}
 j - 4 scrolls of teleportation {unknown}
 l - 2 scrolls of identify {unknown}
Potions
 g - a potion of curing
 n - a potion of magic


   Skills:
 + Level 5.8 Fighting
 - Level 2.6 Dodging
 - Level 1.7 Stealth
 + Level 4.9 Unarmed Combat


You had 5 spell levels left.
You didn't know any spells.
Your spell library contained the following spells:

 Spells                   Type           Power      Damage    Failure   Level
 Summon Forest            Summ/Tloc      0%         N/A       100%        5
 Eringya's Noxious Bog    Tmut/Pois      0%         N/A       100%        6
 Summon Hydra             Summ           0%         N/A       100%        7
 Borgnjor's Revivificati  Necr           0%         N/A       100%        8
 Necromutation            Tmut/Necr      0%         N/A       100%        8
 Death's Door             Necr           0%         N/A       100%        9


Dungeon Overview and Level Annotations

Branches:
Dungeon (4/15)
 Temple: D:4-7

Altars:


Innate Abilities, Weirdness & Mutations

You are surrounded by a mild repulsion field. (EV +2)
Your touch may inflict irresistible damage on your foes.


Message History

The ogre is severely wounded.
The ogre misses you.
Unknown command.
You hit the ogre. Lightning courses through the ogre!
You kill the ogre!
Unknown command.
You hit the water moccasin skeleton.
Lightning courses through the water moccasin skeleton!
You touch the water moccasin skeleton.
The water moccasin skeleton is heavily damaged.
The water moccasin skeleton completely misses you.
The water moccasin skeleton closely misses you.
Unknown command.
You puncture the water moccasin skeleton!
The water moccasin skeleton is severely damaged.
The water moccasin skeleton closely misses you.
You hit the water moccasin skeleton.
The water moccasin skeleton is severely damaged.
The water moccasin skeleton closely misses you.
You barely miss the water moccasin skeleton.
The water moccasin skeleton is severely damaged.
The water moccasin skeleton closely misses you.
The water moccasin skeleton barely misses you.
You hit the water moccasin skeleton.
The water moccasin skeleton is almost destroyed.
The water moccasin skeleton bites you.
* * * LOW HITPOINT WARNING * * *
Unknown command.
You hit the water moccasin skeleton.
Your touch misses the water moccasin skeleton.
The water moccasin skeleton is almost destroyed.
The water moccasin skeleton bites you.
* * * LOW HITPOINT WARNING * * *
Unknown command.
It was a potion of magic.
Magic courses through your body.
The water moccasin skeleton closely misses you.
You hit the water moccasin skeleton.
The water moccasin skeleton is almost destroyed.
The water moccasin skeleton bites you.
You die...

........+ #.. ........####..
.............. ######
###........... ####....#....#
####+#...... +###..#....#....#
#...... ...#..#....#...#######
#####.. ...#..#....#...##....##
#..'.. ...#..#....#...Z@.....#
#..#.. ...#..#....##..##....##
#..#..
...#..#.....#..##....#######..###
...#..'...O.'...............)...#
...#..#.....#...................#
...#..#.....#..##################
..#####....##..# .
..#........#.... .
###........+....# ..


You could see a water moccasin skeleton.

Vanquished Creatures
  An ogre (D:4)
  A phantom (D:2)
  A hound (D:4)
  Natasha (D:3)
  3 orc wizards (D:3)
  3 adders
  An adder skeleton (D:4)
  4 dart slugs
  6 orcs
  5 endoplasms
  4 giant cockroaches
  4 goblins
  5 hobgoblins
  2 jackals (D:1)
  2 kobolds
  A quokka (D:2)
  4 ball pythons
  6 bats
  3 frilled lizards
  5 rats
62 creatures vanquished.

Notes
Turn   | Place    | Note
-------+----------+-------------------------------------------
     0 | D:1      | ryw the Demonspawn Monk began the quest for the Orb.
     0 | D:1      | Reached XP level 1. HP: 18/18 MP: 1/1
   644 | D:1      | Gained mutation: Your touch may inflict minor irresistible
                  | damage on your foes. [demonic ancestry]
   644 | D:1      | Reached XP level 2. HP: 14/24 MP: 2/2
  1354 | D:1      | Found a faded altar of an unknown god.
  1449 | D:2      | Reached skill level 4 in Fighting
  1449 | D:2      | Gained mutation: You are surrounded by a mild repulsion
                  | field. (EV +2) [demonic ancestry]
  1449 | D:2      | Reached XP level 3. HP: 19/30 MP: 3/3
  2038 | D:2      | Noticed a phantom
  2064 | D:2      | Killed a phantom
  2065 | D:2      | Gained mutation: Your touch may inflict irresistible damage
                  | on your foes. [demonic ancestry]
  2065 | D:2      | Reached XP level 4. HP: 38/38 MP: 4/4
  2450 | D:3      | Noticed Natasha
  2466 | D:2      | Reached XP level 5. HP: 40/43 MP: 5/5
  2514 | D:3      | Reached skill level 5 in Fighting
  2647 | D:3      | Killed Natasha
  3917 | D:4      | Reached XP level 6. HP: 51/51 MP: 6/6
  4228 | D:4      | HP: 2/52 [water moccasin skeleton (4)]
  4230 | D:4      | Slain by a water moccasin skeleton

Illustrated notes

Levels and vault maps discovered:
D:1:      wander_arrival_chamber, layout_basic, ebering_ecumenical_altar_rust
D:2:      layout_loops_ring
D:3:      layout_basic, uniq_natasha
D:4:      layout_gridville, nicolae_vehumet_altar_sigil,
          minmay_misc_feat_enclosed, nicolae_zen_rock_garden

Skill      XL: |  1  2  3  4  5 |
---------------+----------------+-----
Fighting       | 4 5 |  5.8
Unarmed Combat | 3 4 |  4.9
Dodging        | |  2.6
Stealth        | |  1.7

Action                   |  1- 3 |  4- 6 || total
-------------------------+-------+-------++-------
Melee: Unarmed           |   132 |    72 ||   204
       Touch             |    15 |    16 ||    31
       Punch             |     2 |       ||     2
       Short sword       |       |    34 ||    34
  Use: Potion            |     3 |     1 ||     4
 Stab: Sleeping          |     6 |     4 ||    10
Armor: Robe              |    19 |    12 ||    31
Dodge: Dodged            |    75 |    86 ||   161

Table legend: (Time is in decaauts)
 A = Elapsed time spent in this place.
 B = Non-inter-level travel time spent in this place.
 C = Inter-level travel time spent in this place.
 D = Time resting spent in this place.
 E = Time spent auto-exploring this place.
 F = Levels seen in this place.
 G = Mean time per level.
                   A        B        C        D        E       F      G
               +--------+--------+--------+--------+--------+-----+--------+
         Total |   4233 |   4173 |     60 |   1291 |   2202 |   4 | 1058.2 |
       Dungeon |   4233 |   4173 |     60 |   1291 |   2202 |   4 | 1058.2 |
               +--------+--------+--------+--------+--------+-----+--------+

Top non-repeatable levels by time:
     D:1: 1419 daAuts
     D:2: 1278 daAuts
     D:3: 1208 daAuts
     D:4: 327 daAuts
